[Event "Late-Titled-Tuesday-Blitz-January-16-2024"]
[Site "Chess.com"]
[Date "2024.01.16"]
[Round "3"]
[White "VerdeNotte"]
[Black "chessajedrezz2020"]
[Result "1-0"]
[WhiteElo "2875"]
[BlackElo "2645"]
[TimeControl "180+1"]
[EndTime "14:28:15 PST"]
[Termination "VerdeNotte won on time"]

1. Nf3 d5 2. g3 Nf6 3. Bg2 g6 4. b3 Bg7 5. Bb2 O-O 6. c4 c6 7. O-O Re8 8. d3 b6 9. Nbd2 Bb7 10. Qc2 c5 11. cxd5 Bxd5 12. e4 Bb7 13. d4 cxd4 14. Nxd4 Na6 15. Rad1 e5 16. Nb5 Nb4 17. Qb1 Qd3 18.
Nc7 Rac8 19. Nxe8 Nxe8 20. Nc4 Qxb1 21. Rxb1 Ba6 22. Rfd1 Bxc4 23. bxc4 Nc7 24. Bh3 Rb8 25. Rd7 Nca6 26. Rxa7 Nc5 27. Bxe5 Bxe5 28. Rxb4 Nxe4 29. Rb1 Bd4 30. Rf1 Nc3 31. Bg2 Re8 32. h4 Re2 33. Bd5 Nxd5 34. cxd5 Rd2 35. Rd7 Bc5 36. Kg2 Kg7 37. g4 h6 38. Kf3 Rxa2 39. g5 hxg5 40.
hxg5 Rd2 41. Ke4 Re2+ 42. Kd3 Re5 43. f4 Re3+ 44. Kc4 Re4+ 45. Kb5 Rb4+ 46. Kc6 Rc4 47.
d6 Be3+ 48. Kb5 Rc5+ 49. Ka6 Rf5 50. Re7 Bc5 51. Rd1 Rxf4 52. Re5 Ra4+ 53. Kb7 1-0

[Event "Late-Titled-Tuesday-Blitz-January-16-2024"]
[Site "Chess.com"]
[Date "2024.01.16"]
[Round "3"]
[White "BilodeauA"]
[Black "arenal72"]
[Result "1-0"]
[WhiteElo "2907"]
[BlackElo "2592"]
[TimeControl "180+1"]
[EndTime "14:28:18 PST"]
[Termination "BilodeauA won by resignation"]

1. e4 e5 2. Nf3 Nc6 3. Bc4 Nf6 4. d3 h6 5. Nc3 d6 6. a4 g5 7. h4 g4 8. Nh2 Bg7 9. Nf1 Be6 10. Ng3 Qd7 11.
Be3 Ne7 12. h5 d5 13. exd5 Nexd5 14. Qd2 a6 15. O-O O-O-O 16. b4 Nxe3 17. Qxe3 Bxc4 18. dxc4 Qd4 19. b5 Bf8 20. Rad1 Qxe3 21. Rxd8+ Kxd8 22. fxe3 Nd7 23. Rxf7 Bc5 24. Kf2 Ke8 25. Rf5 Rf8 26.
Nce4 a5 27. Ke2 b6 28. Rxf8+ Bxf8 29. Nf5 Kf7 30. Kd3 Ke6 31. Nfg3 Be7 32. Nh1 Bh4 33. g3 Be7 34. Nhf2 Kf5 35. Nd1 Bb4 36. Ndf2 Be1 37.
Nd1 Nc5+ 38. Nxc5 bxc5 39. e4+ Kg5 40. Ne3 Bxg3 41. Nd5 Bf4 42. Ke2 Kh4 43. Nxc7 Kh3 44. b6 g3 45. b7 g2 46. b8=Q g1=Q 47. Qc8+ Kh2 48. Nd5 Qg2+ 49. Ke1 Qd2+ 50. Kf1 Qd1+ 51. Kf2 Bg3+ 52. Ke3 Qd4+ 53. Kf3 Qf2+ 54. Kg4 Qe2+ 55. Kf5 Qxh5+ 56. Kf6 Bh4+ 57. Kg7 Qg5+ 58. Kh7 Qg4 59. Qxg4 1-0

[Event "Late-Titled-Tuesday-Blitz-January-16-2024"]
[Site "Chess.com"]
[Date "2024.01.16"]
[Round "3"]
[White "Arifarsky"]
[Black "DeArron_Fox"]
[Result "1/2-1/2"]
[WhiteElo "2711"]
[BlackElo "2440"]
[TimeControl "180+1"]
[EndTime "14:28:20 PST"]
[Termination "Game drawn by repetition"]

1. e4 c5 2. Nf3 e6 3. c3 d5 4.
e5 d4 5. g3 Bd7 6. Bg2 Bc6 7.
O-O Ne7 8. Na3 Ng6 9. Re1 Nd7 10. Nc4 Qc7 11. Qe2 b5 12. Na3 Qb7 13. d3 Ndxe5 14.
Nxe5 Bxg2 15. Nxf7 Qxf7 16. Kxg2 b4 17. cxb4 cxb4 18. Nc4 Be7 19. Qxe6 Qxe6 20. Rxe6 Kf7 21. Re4 Rhd8 22. Bd2 a5 23. Rae1 Bf6 24. h4 h5 25.
a4 bxa3 26. bxa3 a4 27. Bb4 Kg8 28. Re6 Nf8 29. Rc6 Nd7 30. Re4 Rdc8 31. Rd6 Nc5 32. Bxc5 Rxc5 33. Rd7 Rb5 34. Kf1 Rb3 35. Ke2 Rab8 36.
Ra7 Rc3 37. Rxa4 Rbb3 38. Ra8+ Kh7 39. Ree8 Rxd3 40. Nd2 Rxa3 41. Rxa3 Rxa3 42. Ne4 Ra2+ 43. Kf3 Ra6 44. Kf4 Kg6 45. Rc8 d3 46. Ke3 Ra3 47.
Nd2 Kf7 48. Rc6 g5 49. hxg5 Bxg5+ 50. f4 Be7 51. Rh6 h4 52. gxh4 Bc5+ 53. Ke4 Bb4 54. Ke3 Bc5+ 55. Kf3 Bb4 56. Ke3 Bc5+ 1/2-1/2

[Event "Late-Titled-Tuesday-Blitz-January-16-2024"]
[Site "Chess.com"]
[Date "2024.01.16"]
[Round "3"]
[White "chenxiaoyuer"]
[Black "anasta10"]
[Result "0-1"]
[WhiteElo "2754"]
[BlackElo "2532"]
[TimeControl "180+1"]
[EndTime "14:28:20 PST"]
[Termination "anasta10 won by checkmate"]

1. e4 g6 2. d4 Bg7 3. Nf3 d6 4. Be2 a6 5. O-O Nf6 6. Nc3 O-O 7. a4 b6 8. e5 Ne8 9. Bf4 Bb7 10. Qd2 Qc8 11. Rfe1 c5 12. dxc5 dxc5 13. Nd5 Qd8 14.
Rad1 Bxd5 15. Qxd5 Qxd5 16. Rxd5 Nc7 17. Rdd1 Nc6 18.
Bc4 Rfd8 19. c3 b5 20. axb5 axb5 21. e6 Nxe6 22. Bxe6 fxe6 23. Rxd8+ Nxd8 24. Be3 Rc8 25. Rd1 Nf7 26. Kf1 Nd6 27. Ke2 Nc4 28. Bc1 b4 29. b3 Na5 30. cxb4 cxb4 31. Bd2 Bc3 32. Rb1 Kg7 33. Bxc3+ Rxc3 34. Nd2 e5 35. g3 Nc6 36. Ra1 Nd4+ 37. Kd1 Nxb3 38. Rb1 Nxd2 39. Kxd2 Rc4 40. Kd3 Rd4+ 41. Ke3 Kf6 42. f4 Ke6 43. Rb3 Kd5 44. Rb2 e4 45. Rb3 e6 46. Rb1 Rd3+ 47. Ke2 Kc4 48.
Rc1+ Rc3 49. Rb1 b3 50. g4 Rc2+ 51. Ke3 Kc3 52. Kxe4 Re2+ 53. Kf3 Rxh2 54. Ke4 Re2+ 55. Kf3 Rc2 56. Ke4 b2 57. Ke5 Rc1 58. Rxb2 Kxb2 59.
Kxe6 Rf1 60. f5 gxf5 61. gxf5 h5 62. f6 h4 63. f7 h3 64. Ke7 h2 65. f8=Q Rxf8 66. Kxf8 h1=Q 67. Kg7 Qc6 68. Kf8 Kc3 69. Kg7 Kd4 70. Kf8 Ke5 71. Kg7 Kf5 72. Kf8 Kf6 73. Kg8 Qd7 74. Kf8 Qf7# 0-1

[Event "Late-Titled-Tuesday-Blitz-January-16-2024"]
[Site "Chess.com"]
[Date "2024.01.16"]
[Round "3"]
[White "secretsuperstar7"]
[Black "waltereador"]
[Result "1-0"]
[WhiteElo "2499"]
[BlackElo "2261"]
[TimeControl "180+1"]
[EndTime "14:28:20 PST"]
[Termination "secretsuperstar7 won by checkmate"]

1. c4 Nf6 2. Nc3 g6 3. g3 Bg7 4. Bg2 c6 5. Nf3 d5 6. cxd5 cxd5 7. d4 Nc6 8. O-O O-O 9. Ne5 e6 10. e4 dxe4 11. Nxc6 bxc6 12. Nxe4 Nxe4 13. Bxe4 Qxd4 14. Bxc6 Ba6 15. Qxd4 Bxd4 16. Rd1 Rac8 17. Rxd4 Rxc6 18. Bh6 Re8 19. Rad1 Bc4 20. Rd8 Rc8 21. Rxe8+ Rxe8 22. b3 Bd5 23. Rc1 a5 24. h4 a4 25. bxa4 Bxa2 26. a5 Bd5 27. a6 Ra8 28. a7 f5 29. Rc7 e5 30. Kf1 Re8 31. Ke2 f4 32. gxf4 exf4+ 33. Kd2 f3 34. Kd3 Rd8 35. Ke3 Ba8 36. Kf4 Re8 37. Kg5 Bd5 38. Rg7+ Kh8 39. Rc7 Kg8 40. Kf4 Re4+ 41. Kg3 Re8 42. Rd7 Bc6 43.
Rg7+ Kh8 44. Rc7 Bd5 45. Be3 h5 46. Bd4+ Kg8 47. Rg7+ Kf8 48. Rxg6 Re4 49. Rd6 Rg4+ 50. Kh3 Be4 51. Bc5 Ke8 52. Re6+ Kd7 53. Rxe4 Rg8 54.
Re7+ Kc6 55. Be3 Ra8 56. Kg3 Rf8 57. Rg7 Kb5 58. Rg5+ Ka6 59. Rxh5 Kb7 60. Rg5 Ka8 61. h5 Kb7 62. h6 Rf7 63. Rg7 Ka8 64. Rg8+ Kb7 65.
a8=Q+ Kc7 66. Rc8+ Kd7 67. Qc6+ Ke7 68. Re8# 1-0

[Event "Late-Titled-Tuesday-Blitz-January-16-2024"]
[Site "Chess.com"]
[Date "2024.01.16"]
[Round "3"]
[White "Jospem"]
[Black "A-Fier"]
[Result "1-0"]
[WhiteElo "3102"]
[BlackElo "2764"]
[TimeControl "180+1"]
[EndTime "14:28:21 PST"]
[Termination "Jospem won by resignation"]

1. e4 c5 2. Nf3 Nc6 3. c3 Nf6 4.
Bd3 d5 5. e5 Nd7 6. Bb5 e6 7.
d4 Qb6 8. Ba4 Be7 9. O-O O-O 10.
a3 a5 11. Bc2 f5 12. a4 cxd4 13. cxd4 Nb4 14. Nc3 Nxc2 15. Qxc2 Nb8 16. Nb5 Bd7 17. Qe2 h6 18. Bd2 Na6 19. Rfc1 Rac8 20. Nd6 Rxc1+ 21.
Bxc1 Bxd6 22. exd6 Qxd6 23. Ne5 Nb4 24. Bf4 Nc6 25. Qe3 Nxe5 26. Bxe5 Qe7 27. h3 Rc8 28. b3 Rc2 29. Qd3 Rc8 30. Rd1 Qb4 31. Qg3 Qf8 32.
h4 Kh7 33. Kh2 Qf7 34. Rd3 Rg8 35. Rc3 Bc6 36. Qh3 Qh5 37. f4 Qg4 38. Qxg4 fxg4 39.
h5 g6 40. hxg6+ Kxg6 41. Kg3 Kf5 42. Rc1 h5 43. Rh1 Be8 44. Rc1 Bc6 45. Rh1 Kg6 46.
Re1 Re8 47. Kh4 Re7 48. Bd6 Re8 49. Re5 Rh8 50. Rxe6+ Kf7 51. Re7+ Kf6 52. Re1 Kf5 53. Re5+ Kf6 54. Be7+ Kf7 55. f5 Bd7 56. f6 Be6 57.
Rg5 Rg8 58. Rxh5 g3 59. Rh7+ Ke8 60. Bd6 Bf7 61. Bxg3 Rg6 62. Be5 Rxg2 63. Rh8+ Kd7 64. Rb8 Ke6 65. Rxb7 Bg6 66. Re7+ Kf5 67. f7 Bxf7 68.
Rxf7+ Ke4 69. Ra7 Rb2 70. Rxa5 Rxb3 71. Kg5 1-0

[Event "Late-Titled-Tuesday-Blitz-January-16-2024"]
[Site "Chess.com"]
[Date "2024.01.16"]
[Round "3"]
[White "HaryKane"]
[Black "AlexLongson"]
[Result "0-1"]
[WhiteElo "2557"]
[BlackElo "2372"]
[TimeControl "180+1"]
[EndTime "14:28:29 PST"]
[Termination "AlexLongson won by resignation"]

1. d4 Nf6 2. c4 g6 3. Nc3 d5 4. cxd5 Nxd5 5. e4 Nxc3 6. bxc3 Bg7 7. Bc4 c5 8. Ne2 Nc6 9. Be3 O-O 10. O-O Qc7 11.
Rc1 Rd8 12. Bb3 b6 13. Qc2 Ba6 14. d5 Na5 15. c4 b5 16. cxb5 Bxb5 17. Bxc5 Nxb3 18.
axb3 Rac8 19. b4 a5 20. Qd2 e6 21. d6 Qb7 22. Rfd1 Qxe4 23. Nc3 Qb7 24. Nxb5 Qxb5 25.
Be3 Rxc1 26. Rxc1 axb4 27. Bg5 f6 28. Be3 b3 29. g3 b2 30. Rb1 f5 31. Qc2 Rxd6 32.
Qc8+ Kf7 33. Bc5 Qd7 34. Qxd7+ Rxd7 35. Ba3 Ra7 36. Bxb2 Rb7 37. Rc1 Bxb2 38. Rc2 Bf6 39. Kg2 g5 40. h3 h5 41. Rc4 Re7 42. Kf3 Kg6 43. Rc6 g4+ 44. hxg4 hxg4+ 45. Ke3 Kf7 46.
Rc8 Ra7 47. Kd3 Ra3+ 48. Ke2 Ra2+ 49. Ke3 Be7 50. Rc7 Kf6 51. Rc6 Ra3+ 52. Ke2 Ra2+ 53. Kf1 Rb2 54. Rc7 Bb4 55. Rc8 Ba5 56. f4 gxf3 57. Rc1 Bb6 58. g4 Rf2+ 59. Ke1 Re2+ 60. Kf1 fxg4 61. Rc4 Kg5 62. Rxg4+ Kf5 63. Rf4+ Ke5 64.
Rxf3 Rf2+ 65. Rxf2 Bxf2 66. Kxf2 Ke4 67. Ke2 e5 68.
Kd2 Kd4 69. Ke2 Ke4 70. Kf2 Kd3 71. Kf3 e4+ 72. Kf2 Kd2 0-1

[Event "Late-Titled-Tuesday-Blitz-January-16-2024"]
[Site "Chess.com"]
[Date "2024.01.16"]
[Round "3"]
[White "only_strong_moves"]
[Black "jcibarra"]
[Result "1/2-1/2"]
[WhiteElo "2560"]
[BlackElo "2886"]
[TimeControl "180+1"]
[EndTime "14:28:30 PST"]
[Termination "Game drawn - insufficient material"]

1. d4 Nf6 2. c4 d6 3. Nc3 e5 4. d5 Bf5 5. f3 e4 6. Bg5 exf3 7.
exf3 Be7 8. Bd3 Bg6 9. Bxf6 Bxf6 10. Qe2+ Kf8 11. Bxg6 hxg6 12. Ne4 Nd7 13. Qd2 a5 14. Ne2 Be7 15. g3 Ne5 16. Qc3 Bf6 17. Nxf6 Qxf6 18. f4 Ng4 19. Qxf6 gxf6 20. h3 Ne3 21.
Rc1 Re8 22. Kf2 Kg7 23. g4 f5 24. Kf3 Rxh3+ 25. Rxh3 fxg4+ 26. Kg3 gxh3 27. Kxh3 Nxd5 28. cxd5 Rxe2 29. Rxc7 Rxb2 30. Rd7 Rxa2 31. Rxd6 Rd2 32. Kg4 a4 33. Rb6 a3 34. Rxb7 Rxd5 35. Ra7 Rd3 36. f5 gxf5+ 37. Kxf5 Rb3 38. Kg5 Rf3 39. Kg4 Rd3 40.
Kg5 Kf8 41. Kf6 Rf3+ 42. Ke5 Rh3 43. Kf5 Ke8 44. Kf6 Rf3+ 45. Ke5 Kd8 46. Ke4 Rf1 47. Rxa3 Ke7 48. Ra7+ Kf6 49. Ra6+ Kg5 50. Ra5+ Kg4 51. Ke3 f5 52. Ke2 Rf4 53. Ra8 Kg3 54. Rg8+ Rg4 55. Rf8 Rg5 56. Ke3 Rh5 57. Rg8+ Kh4 58. Kf4 Kh3 59. Rg3+ Kh2 60. Rg5 Rxg5 61. Kxg5 f4 62. Kxf4 1/2-1/2

[Event "Late-Titled-Tuesday-Blitz-January-16-2024"]
[Site "Chess.com"]
[Date "2024.01.16"]
[Round "3"]
[White "Agibileg"]
[Black "lucliasco"]
[Result "0-1"]
[WhiteElo "2680"]
[BlackElo "2891"]
[TimeControl "180+1"]
[EndTime "14:28:30 PST"]
[Termination "lucliasco won on time"]

1. d4 d5 2. c4 Nc6 3. Nc3 Nf6 4. cxd5 Nxd5 5. e4 Nxc3 6. bxc3 e6 7. Nf3 Be7 8. Bd3 O-O 9. O-O b6 10. Bf4 Bb7 11. d5 exd5 12. exd5 Na5 13. c4 h6 14. Qd2 f5 15. Nd4 Bc8 16. Rae1 Bf6 17. Nb5 c6 18.
Nc7 Rb8 19. Ne6 Bxe6 20. Bxb8 Bf7 21. Be5 cxd5 22. cxd5 Bxd5 23. Bxf5 Nc4 24. Bxf6 Nxd2 25. Bxd8 Nxf1 26. Rd1 Rxf5 27. Kxf1 Bxa2 28. Rd7 Rf7 29. Rd4 b5 30. Ba5 Bc4+ 31. Ke1 Re7+ 32. Kd1 Kf7 33. Rf4+ Kg6 34. h4 h5 35. Kd2 Re2+ 36. Kc3 Ra2 37. Bc7 a5 38. Be5 Ra3+ 39. Kc2 Ra2+ 40. Kc3 Be6 41. f3 b4+ 42. Kd3 Rxg2 43. Bc7 Ra2 44.
Rd4 Ra3+ 45. Kd2 Bf5 46. Rd6+ Kf7 47. Rb6 Rd3+ 48. Ke2 Rd7 49. Be5 Ra7 50. Ke3 Be6 51. Kf4 b3 52. Bb2 a4 53. Ba3 Rc7 54. Ke5 Bh3 0-1

[Event "Late-Titled-Tuesday-Blitz-January-16-2024"]
[Site "Chess.com"]
[Date "2024.01.16"]
[Round "3"]
[White "The_Straightforward_Rook"]
[Black "yaguigor"]
[Result "1-0"]
[WhiteElo "2476"]
[BlackElo "2621"]
[TimeControl "180+1"]
[EndTime "14:28:30 PST"]
[Termination "The_Straightforward_Rook won on time"]

1. e4 c5 2. c3 Nf6 3. e5 Nd5 4. Nf3 d6 5. Bc4 e6 6. d4 cxd4 7. cxd4 Nc6 8. O-O Be7 9. Qe2 O-O 10. Rd1 Na5 11. Bd3 Nb4 12. Be4 d5 13. Bd3 Nxd3 14. Rxd3 b6 15. Re3 Nc4 16. Rb3 a5 17. a3 Ba6 18. Qd1 Rc8 19. Bf4 a4 20. Rc3 Nxb2 21. Qc2 Nd3 22. Bd2 Qd7 23. Qd1 Nb2 24. Qc2 Nc4 25. Bg5 h6 26. Bxe7 Qxe7 27. Qxa4 Na5 28. Qc2 Rxc3 29. Nxc3 Rc8 30. Qb2 Qc7 31. Nb5 Qc2 32.
Qxc2 Rxc2 33. Nd6 Bd3 34. h4 Rb2 35. Ne1 Bg6 36. Rc1 Nc4 37. g4 Rb1 38. Rxb1 Bxb1 39. a4 Kf8 40. Nxc4 dxc4 41. Kf1 Ke7 42. Ke2 Kd7 43.
Kd2 Kc6 44. Kc3 Kd5 45. f3 Ba2 46. Ng2 Bb3 47. Ne3+ Kc6 48. Nxc4 Bxa4 49. Ne3 Kd7 50. f4 Bc6 51. g5 hxg5 52. fxg5 g6 53. Kb4 Ke7 54. Nc4 b5 55. Nd6 Bd5 56. Nxb5 Bc6 57. Nd6 Bd5 58. Kc5 Bf3 59. Nc8+ Kd7 60. Nd6 Ke7 61.
Kb6 Bd5 62. Kc7 Bf3 63. Nc8+ Ke8 64. Nb6 Bg2 65. Kd6 Kd8 66. d5 1-0

[Event "Late-Titled-Tuesday-Blitz-January-16-2024"]
[Site "Chess.com"]
[Date "2024.01.16"]
[Round "3"]
[White "dropstoneDP"]
[Black "SchmakAttack"]
[Result "0-1"]
[WhiteElo "3002"]
[BlackElo "2723"]
[TimeControl "180+1"]
[EndTime "14:28:31 PST"]
[Termination "SchmakAttack won by resignation"]

1. e4 e6 2. d4 d5 3. e5 c5 4.
c3 Nc6 5. Nf3 Qb6 6. a3 c4 7.
Nbd2 Na5 8. Rb1 Bd7 9. Be2 Ne7 10. O-O Qc7 11. Ne1 O-O-O 12. g3 Kb8 13. Ng2 Nc8 14.
Qe1 Ba4 15. Bd1 Nb6 16. h4 Qc6 17. h5 h6 18. Qe2 Bxd1 19. Rxd1 Na4 20. Nf3 Bxa3 21.
bxa3 Nxc3 22. Qd2 Nxb1 23. Qxa5 c3 24. Be3 c2 25. Rc1 Rc8 26. Nge1 b6 27. Qb4 Qc4 28.
Qd6+ Qc7 29. Nxc2 Nc3 30. Re1 Ne4 31. Qxc7+ Rxc7 32. Nb4 Kb7 33. Kg2 a5 34. Na2 Rc2 35.
Nc1 Rhc8 36. Ne2 Ra2 37. g4 Rcc2 38. Nc1 Rxa3 39. g5 hxg5 40. Ne2 g4 41. Nh2 g3 42.
Ng4 gxf2 43. Bxf2 Raa2 44. Kf3 Nd2+ 45. Kf4 Ne4 46. Kf3 a4 47. Ne3 Ra3 48. Kf4 Rd2 49. Bg1 Raa2 50. h6 gxh6 51. Ng3 Nc3 52. Rf1 Ne2+ 53. Nxe2 Rxe2 54. Kg4 a3 55. Rxf7+ Ka6 56. Nd1 Re1 57. Nc3 Rxg1+ 58. Kh3 Rc2 59. Rc7 a2 60. Nxd5 Rxc7 0-1

[Event "Late-Titled-Tuesday-Blitz-January-16-2024"]
[Site "Chess.com"]
[Date "2024.01.16"]
[Round "3"]
[White "Filipets"]
[Black "Karacsonyi_Gellert"]
[Result "1/2-1/2"]
[WhiteElo "2569"]
[BlackElo "2775"]
[TimeControl "180+1"]
[EndTime "14:28:31 PST"]
[Termination "Game drawn by repetition"]

1. c4 Nf6 2. Nf3 e6 3. g3 d5 4. Bg2 dxc4 5. O-O Bd7 6. Qc2 Bb5 7. a4 Ba6 8. Na3 Bxa3 9. Rxa3 O-O 10. Rd1 Nc6 11. b3 cxb3 12. Rxb3 Bxe2 13. Re1 Bxf3 14. Rxf3 Nd4 15. Qb1 Nxf3+ 16. Bxf3 Rb8 17. Bb2 Qxd2 18. Re2 Qb4 19. Qa1 Qe7 20. Re5 Nd7 21. Ra5 f6 22. Rxa7 Qc5 23. Bd4 Qb4 24. Kg2 c5 25. Bc3 Qb6 26. Ra5 Ra8 27. Rxa8 Rxa8 28. a5 Qb5 29. Qd1 c4 30. Qd6 Ne5 31. Qxe6+ Kh8 32. Be4 Qd7 33. Qxd7 Nxd7 34. Bxb7 Ra7 35. a6 Nc5 36. Bd4 Rxb7 37. axb7 Nxb7 38. Kf3 Kg8 39. Ke4 Kf7 40. Kd5 Nd8 41.
Kxc4 Ke6 42. f3 g6 43. g4 f5 44. Kd3 Nf7 45. Ke3 Nd6 46. Kf4 Nf7 47. h4 fxg4 48.
fxg4 Kd5 49. Bf6 Ke6 50. Bd4 Kd6 51. Bf6 Kd5 52. h5 Ke6 53. Bd4 g5+ 54. Kf3 Ne5+ 55.
Kg3 Nd7 56. Bg7 Kf7 57. Bd4 Ke6 58. Kf3 Nf8 59. Bg7 Nd7 60. Ke4 Nc5+ 61. Kd4 Nd7 62.
Ke4 Nc5+ 63. Ke3 Nd7 64. Bd4 Kf7 65. Ke4 Ke6 66. Be3 Nf6+ 67. Kf3 h6 68. Bd4 Ne8 69. Ke4 Nd6+ 70. Ke3 Kd5 71. Bg7 Nf7 72. Kd3 Ne5+ 73. Bxe5 Kxe5 74. Ke3 Kd5 75. Kd3 Ke5 76. Ke3 Kd5 77. Kd3 Ke5 1/2-1/2

[Event "Late-Titled-Tuesday-Blitz-January-16-2024"]
[Site "Chess.com"]
[Date "2024.01.16"]
[Round "3"]
[White "Ekko_li"]
[Black "jefferyx"]
[Result "0-1"]
[WhiteElo "2701"]
[BlackElo "3002"]
[TimeControl "180+1"]
[EndTime "14:28:32 PST"]
[Termination "jefferyx won by resignation"]

1. e4 c5 2. c3 e6 3. d4 cxd4 4. cxd4 d5 5. e5 Nc6 6. Nc3 Nge7 7. Nf3 Nf5 8. Bb5 Bd7 9. O-O Rc8 10. g4 Nh4 11. Nxh4 Qxh4 12. Be3 g5 13. Be2 h5 14. gxh5 g4 15. Bxg4 Rg8 16. f3 Qxh5 17. Rf2 Bh6 18.
Qd2 Bxe3 19. Qxe3 Ke7 20. Rg2 Qh4 21. Nb5 Rg6 22. Qa3+ Kd8 23. Nd6 f5 24. exf6 Qxf6 25.
Nxc8 Qxd4+ 26. Kh1 Kxc8 27. Qd6 Qe5 28. Qxe5 Nxe5 29.
Rc1+ Kd8 30. h4 Nd3 31. Rd1 Nf4 32. Rh2 Ke7 33. h5 Rh6 34. Kg1 Bb5 35. Kf2 e5 36.
Kg3 d4 37. Kh4 Kf6 38. Rc2 Nxh5 39. Bxh5 Be8 40. Kg3 Rxh5 41. Rh2 Rg5+ 42. Kf2 Bc6 43. Rh6+ Ke7 44. Rg1 Rxg1 45. Kxg1 Bxf3 46. Kf2 e4 47. Rh7+ Kd6 48. Rxb7 d3 49. Ke3 d2 50. Kxd2 e3+ 51. Kxe3 Bxb7 52. Kd3 Kc5 53. Kc3 Kb5 54.
b4 Ka4 55. b5 Ka3 56. Kc2 Kxa2 57. Kc3 Ka3 58. Kc2 Be4+ 59. Kc3 Bd5 60. Kc2 Ba2 61. Kc3 Bb3 62. Kd2 Kb2 63. Kd3 Bd5 64. Kd4 Bb7 65. Kc5 Kb3 66. Kd4 Bc8 67. Kc5 Kc3 68. Kd5 Kb4 69.
Kd4 Bf5 70. Ke3 Kxb5 71. Kd2 Kb4 72. Kc1 Kc3 0-1

[Event "Late-Titled-Tuesday-Blitz-January-16-2024"]
[Site "Chess.com"]
[Date "2024.01.16"]
[Round "3"]
[White "Bala-Afiada"]
[Black "GMCorinnaKopff"]
[Result "1/2-1/2"]
[WhiteElo "2033"]
[BlackElo "2320"]
[TimeControl "180+1"]
[EndTime "14:28:33 PST"]
[Termination "Game drawn - insufficient material"]

1. d4 Nf6 2. c4 g6 3. Nc3 Bg7 4. e4 d6 5. Nf3 O-O 6. Be2 Nbd7 7.
Be3 e5 8. d5 Ng4 9. Bg5 f6 10.
Bc1 f5 11. h3 Ngf6 12. Qc2 fxe4 13. Nxe4 Nxe4 14. Qxe4 Nc5 15. Qh4 Qxh4 16. Nxh4 e4 17. O-O Bd7 18. g4 a5 19. Rb1 a4 20. Be3 b6 21. Ng2 Be5 22. Rfd1 Kg7 23. Bd4 Rae8 24. Bxe5+ Rxe5 25. Ne3 Re7 26. b4 axb3 27. axb3 Bc8 28. b4 Nd7 29. Ra1 Ne5 30. Ra8 Ref7 31. Rf1 Nf3+ 32.
Bxf3 Rxf3 33. Kg2 h5 34. Ra7 R8f7 35. Ra8 Bd7 36. Ra7 hxg4 37. hxg4 Bc8 38. Ra8 Rf8 39.
Ra7 R3f7 40. g5 Kg8 41. Kg3 Rf3+ 42. Kg2 Bh3+ 43. Kg1 Bxf1 44. Nxf1 Rxf2 45. Ng3 R2f4 46. Rxc7 e3 47. Re7 Rf3 48. Ne2 R8f7 49. Re8+ Kg7 50. Nd4 Rg3+ 51. Kh2 Rxg5 52. Ne6+ Kf6 53. Nxg5 Kxg5 54.
Rxe3 Rf4 55. Rg3+ Kf5 56. Rc3 Ke5 57. c5 dxc5 58. bxc5 bxc5 59. Rxc5 Rf6 60. Rb5 Kd6 61. Kg3 Rf5 62. Rb6+ Kxd5 63. Rxg6 Ke4 64. Rg4+ Ke3 65. Kg2 Rf2+ 66. Kg3 Rf5 67. Rg8 Rf6 68. Kg4 Ke4 69. Kg5 Rf2 70. Re8+ Kd5 71. Rd8+ Ke6 72. Re8+ Kf7 73.
Re3 Rg2+ 74. Kf4 Rf2+ 75. Ke4 Rf6 76. Rf3 Rxf3 77. Kxf3 1/2-1/2

[Event "Late-Titled-Tuesday-Blitz-January-16-2024"]
[Site "Chess.com"]
[Date "2024.01.16"]
[Round "3"]
[White "XeresLt"]
[Black "pr1105"]
[Result "0-1"]
[WhiteElo "2545"]
[BlackElo "2278"]
[TimeControl "180+1"]
[EndTime "14:28:36 PST"]
[Termination "pr1105 won by resignation"]

1. e4 e5 2. Nf3 Nc6 3. Bc4 Bc5 4. O-O Nf6 5. d3 d6 6. c3 a5 7. a4 O-O 8. h3 h6 9. Re1 Ba7 10. d4 exd4 11. cxd4 d5 12. exd5 Nxd5 13. Nc3 Be6 14. Nb5 Bb6 15. b3 Ncb4 16. Bb2 c6 17. Nc3 Qf6 18. Ne4 Qe7 19. Ne5 Rad8 20. Qh5 Nc2 21. Rec1 Nxa1 22. Rxa1 Nf6 23. Nxf6+ Qxf6 24. Nf3 Bd5 25. Ne5 Bxc4 26. Nxc4 Bxd4 27. Bxd4 Rxd4 28. Rf1 Rd5 29. Qe2 Rfd8 30. Qe1 Qf5 31. Ne3 Qd3 32.
Nxd5 Qxd5 33. Qc3 Qd2 34. Qc5 Rd5 35. Qb6 Qb4 36. Qc7 Qxb3 37. Re1 Rd1 38. Qc8+ Kh7 39.
Rxd1 Qxd1+ 40. Kh2 Qd6+ 41. g3 b5 42. axb5 cxb5 43.
Qf5+ Kg8 44. Qxb5 Qb4 45. Qe8+ Qf8 46. Qa4 Qa8 47. h4 g6 48. g4 Kg7 49. h5 Kg8 50. hxg6 fxg6 51. Qc4+ Kg7 52. Qc7+ Kf6 53. f4 Qd5 54.
Qb6+ Qe6 55. g5+ hxg5 56. fxg5+ Kf5 57. Qxa5+ Qe5+ 58. Qxe5+ Kxe5 59. Kg3 Kf5 60. Kf3 Kxg5 61. Kg3 Kf5 62. Kf3 g5 63. Kg3 g4 64. Kf2 Kf4 65.
Kg2 g3 66. Kg1 Kg4 67. Kg2 Kh4 68. Kg1 Kh3 69. Kh1 Kg4 70. Kg2 Kf4 71. Kf1 Kf3 72. Kg1 g2 73. Kh2 Kf2 74. Kh3 g1=Q 75. Kh4 Qg3+ 0-1

[Event "Late-Titled-Tuesday-Blitz-January-16-2024"]
[Site "Chess.com"]
[Date "2024.01.16"]
[Round "3"]
[White "Eloist"]
[Black "GulamaliRises"]
[Result "0-1"]
[WhiteElo "2438"]
[BlackElo "2616"]
[TimeControl "180+1"]
[EndTime "14:28:40 PST"]
[Termination "GulamaliRises won on time"]

1. e4 e5 2. Bc4 Nc6 3. Nf3 Nf6 4.
d3 Be7 5. O-O d6 6. a4 O-O 7.
Re1 Bg4 8. h3 Bxf3 9. Qxf3 Nd4 10. Qd1 c6 11. c3 Ne6 12. Bxe6 fxe6 13. Nd2 Kh8 14. Nf3 Nd7 15. d4 Bf6 16. Be3 Qc7 17. c4 exd4 18. Bxd4 Bxd4 19. Nxd4 Rae8 20. Ra3 a5 21.
Rae3 g6 22. b3 e5 23. Ne2 Nc5 24. Nc3 Ne6 25. Rd3 Nd4 26. Ne2 c5 27. Nc3 Qf7 28.
Rf1 g5 29. Nd5 Qg6 30. Qd2 Rf7 31. Qxa5 g4 32. Qd2 gxh3 33. Rxh3 Nf3+ 34. Rxf3 Rxf3 35. Ne3 Rg8 36. Rd1 Qxe4 37. Qd5 Qxd5 38. Rxd5 Rf6 39. b4 cxb4 40. Rb5 Ra8 41. Rxb4 Rf7 42. Kf1 Rg7 43. Ke2 Rf8 44. f3 h5 45. Rb6 Rf6 46. Nd5 Rfg6 47.
Ne3 h4 48. a5 Kg8 49. a6 bxa6 50. Rxa6 Kh7 51. Rc6 Rf7 52. c5 dxc5 53. Rxc5 Re7 54. Nf5 Ra7 55. Nxh4 Rb6 56. Rxe5 Rb2+ 57. Kf1 Ra1+ 58.
Re1 Raa2 59. Re7+ Kh6 60. Re4 Kg5 61. g3 Rb1+ 62. Re1 Rbb2 0-1

[Event "Late-Titled-Tuesday-Blitz-January-16-2024"]
[Site "Chess.com"]
[Date "2024.01.16"]
[Round "3"]
[White "Alexei_Gubajdullin"]
[Black "AntonSmirnov"]
[Result "0-1"]
[WhiteElo "2646"]
[BlackElo "2925"]
[TimeControl "180+1"]
[EndTime "14:28:42 PST"]
[Termination "AntonSmirnov won by resignation"]

1. d4 d5 2. Nf3 Nf6 3. Bf4 c5 4. e3 Qb6 5. Nbd2 Nc6 6. dxc5 Qxc5 7. c4 e6 8. a3 a5 9. Rc1 Qb6 10. Qb3 Qxb3 11. Nxb3 Be7 12. Nbd4 O-O 13. Nb5 Bd7 14.
Nd6 Nh5 15. Nb5 Nxf4 16. exf4 Bf6 17. Rc2 Na7 18. Nxa7 Rxa7 19. Ne5 Ba4 20. Rc3 Rc8 21. cxd5 Rxc3 22. bxc3 exd5 23. Kd2 g5 24. Ng4 Be7 25. f5 Bxa3 26. Bd3 Bd6 27. f6 h5 28. Nh6+ Kf8 29.
Re1 Ra8 30. Nf5 Bf4+ 31. Ne3 Bc6 32. g3 Bxe3+ 33. Rxe3 Re8 34. Be2 Rxe3 35. fxe3 h4 36. gxh4 gxh4 37. Bh5 Bb5 38. Kc2 Bc4 39. Kb2 b5 40. Ka3 Bd3 41. Bg4 Ke8 42. Bh5 Bc4 43. Bg4 Kd8 44. Bh5 d4 45. exd4 Kc7 46. Bg4 Kd6 47.
Bf5 Kd5 48. Bh7 Ke6 49. Be4 Kxf6 50. Kb2 Ke6 51. Ka3 f5 52. Bf3 f4 53. Kb2 b4 54.
cxb4 axb4 55. Kc2 Bd5 56. Bg4+ Kd6 57. Kb2 f3 58. Bh3 f2 59. Bf1 Ke6 60. Kc2 b3+ 61. Kd2 Kf6 62. Bd3 Be4 63. Bf1 b2 64. Ke3 b1=Q 65.
Kxf2 Qc1 66. Be2 Qd2 0-1

[Event "Late-Titled-Tuesday-Blitz-January-16-2024"]
[Site "Chess.com"]
[Date "2024.01.16"]
[Round "3"]
[White "imdarealist"]
[Black "Rdeux42"]
[Result "0-1"]
[WhiteElo "2254"]
[BlackElo "2492"]
[TimeControl "180+1"]
[EndTime "14:28:45 PST"]
[Termination "Rdeux42 won on time"]

1. e4 c6 2. d4 d5 3. Nc3 dxe4 4. Nxe4 Bf5 5. Ng3 Bg6 6. h4 h6 7. Nf3 Nd7 8. h5 Bh7 9. Bd3 Bxd3 10. Qxd3 Ngf6 11. Bf4 e6 12. O-O-O Be7 13. Kb1 O-O 14.
Qe2 Qa5 15. Ne5 Nxe5 16. dxe5 Nd5 17. Bd2 Qb6 18. Ka1 Bc5 19. Ne4 Bd4 20. c3 Bxe5 21.
Qg4 Kh7 22. f4 Nf6 23. Nxf6+ Bxf6 24. f5 e5 25. Rh3 Rad8 26. Qe2 Rd6 27. Rf1 Rfd8 28.
Be3 Qb5 29. Qxb5 cxb5 30. a3 Rd1+ 31. Rxd1 Rxd1+ 32. Ka2 a6 33. g4 Kg8 34. Rg3 Kf8 35.
g5 hxg5 36. Bxg5 Bxg5 37. Rxg5 f6 38. Rg6 Rf1 39. h6 gxh6 40. Rxf6+ Ke7 41. Re6+ Kf7 42. Rxe5 h5 43. f6 h4 44. Rh5 Rf4 45. Rh7+ Kxf6 46.
Rxb7 Kg5 47. Rg7+ Kh6 48. Rg8 Rf7 49. Rg4 Kh5 50. Rg1 h3 51. Kb3 Rh7 52. Kb4 Kh4 53.
b3 h2 54. Rh1 Kg3 55. c4 bxc4 56. bxc4 Kg2 57. Rxh2+ Kxh2 58. c5 Rh6 59. Kc4 Rh4+ 60. Kd5 Ra4 61. c6 Rxa3 62. c7 Rc3 63. Kd6 a5 64. Kd7 a4 65. c8=Q Rxc8 66. Ke7 a3 0-1